 Dungeon Crawl Stone Soup version 0.29.1-12-g30fa7ad0bf (webtiles) character file.

Game seed: 7800752733182659872

90 mopl the Ducker (level 4, 0/37 (41) HPs)
             Began as a Gnoll Monk on Dec 15, 2022.
             Slain by an orc
             ... wielding a +2 hand axe of draining
              (1 damage)
             ... on level 2 of the Dungeon.
             The game lasted 00:01:40 (1590 turns).

mopl the Ducker (Gnoll Monk)                        Turns: 1590, Time: 00:01:40

HP:   0/37 (41)     AC:  7    Str: 13    XL:     4   Next: 56%
MP:   5/5           EV: 11    Int:  9    God:
Gold: 97            SH:  0    Dex: 14    Spells: 5/5 levels left

rFire   . . .      SeeInvis .   e - +3 spear
rCold   . . .      Faith    .   (no shield)
rNeg    . . .      Spirit   .   i - +0 scale mail
rPois   .          Reflect  .   (no helmet)
rElec   .          Harm     .   (no cloak)
rCorr   .          Rampage  .   (no gloves)
Will    .....                   m - +0 pair of boots
Stlth   +.........              (no amulet)
HPRegen 0.12/turn               (no ring)
MPRegen 0.09/turn               (no ring)

@: drained
A: fangs 1, strong nose, distributed training
a: no special abilities


You were on level 2 of the Dungeon.
You visited 1 branch of the dungeon, and saw 2 of its levels.

You collected 97 gold pieces.

Inventory:

Hand Weapons
 a - a +0 mace
 e - a +3 spear (weapon)
 g - a +0 battleaxe
Missiles
 j - 15 poisoned darts (quivered)
Armour
 i - a +0 scale mail (worn)
 m - a +0 pair of boots (worn)
Scrolls
 d - a scroll of teleportation {unknown}
 f - a scroll of poison {unknown}
 h - a scroll of immolation {unknown}
 l - a scroll of identify {unknown}
Potions
 b - a potion of invisibility {unknown}
 c - a potion of ambrosia
 k - 2 potions of attraction {unknown}


   Skills:
 + Level 6.6 Fighting
 + Level 1.2 Short Blades
 + Level 1.2 Long Blades
 + Level 1.2 Axes
 + Level 6.6 Maces & Flails
 + Level 1.2 Polearms
 + Level 1.2 Staves
 + Level 1.2 Ranged Weapons
 + Level 1.2 Throwing
 + Level 1.2 Armour
 + Level 6.6 Dodging
 + Level 4.3 Stealth
 + Level 1.2 Shields
 + Level 1.2 Unarmed Combat
 + Level 1.2 Spellcasting
 + Level 1.0 Conjurations
 + Level 1.0 Hexes
 + Level 1.0 Summonings
 + Level 1.0 Necromancy
 + Level 1.0 Translocations
 + Level 1.0 Transmutations
 + Level 1.0 Fire Magic
 + Level 1.0 Ice Magic
 + Level 1.0 Air Magic
 + Level 1.0 Earth Magic
 + Level 1.0 Poison Magic
 + Level 1.3 Invocations
 + Level 1.2 Evocations


You had 5 spell levels left.
You didn't know any spells.
Your spell library was empty.

Dungeon Overview and Level Annotations

Branches:
Dungeon (2/15)

Altars:


Innate Abilities, Weirdness & Mutations

You have very sharp teeth.
Your uncanny sense of smell can sniff out nearby items.
Your experience applies equally to all skills.


Message History

An orc comes into view. It is wielding a +0 hand axe.
An orc comes into view.
It is wielding a +2 hand axe of draining.
You barely miss the orc.
The orc shouts!
You bite the orc, but do no damage. You puncture the orc!
You kill the orc!
An orc priest comes into view. It is wielding a +0 short sword.
An endoplasm comes into view.
The endoplasm quivers.
You hit the orc. You bite the orc.
The orc is severely wounded.
The orc hits you but does no damage.
You hit the orc but do no damage.
The orc is severely wounded.
The orc misses you.
You hit the orc.
You kill the orc!
You hit the orc.
The orc is moderately wounded.
The orc priest calls down the wrath of Beogh upon you.
Beogh smites you!
You closely miss the orc. Your bite misses the orc.
The orc is moderately wounded.
The orc hits you with a +2 hand axe of draining.
You feel drained. The orc closely misses you.
The orc priest invokes the aid of Beogh against you.
Beogh smites you!
* * * LOW HITPOINT WARNING * * *
You see here a jackal corpse.
The orc attacks as you move away! The orc hits you but does no damage.
You feel drained. The orc attacks as you move away!
The orc hits you with a +0 hand axe.
* * * LOW HITPOINT WARNING * * *
The orc attacks as you move away! The orc closely misses you.
The orc attacks as you move away!
The orc hits you with a +2 hand axe of draining.
* * * LOW HITPOINT WARNING * * *
You feel drained.
You die...

### #.# #.#
###.###
############......
#.....†......#.###
#>###########...##
#.# #.....# #†#
##...## #@# ##.##
#o# #.# #o# #.#
#.# ##'##
#.####### ##...##
#.......# ##.....#
####†##.# #.......
#...# #........
#...))..o........


You could see 2 orcs.

Vanquished Creatures
  A gnoll (D:1)
  3 adders (D:2)
  A dart slug (D:2)
  2 orcs (D:2)
  3 ball pythons (D:1)
  3 bats (D:2)
  6 endoplasms
  A giant cockroach (D:1)
  4 goblins
  4 hobgoblins
  3 jackals (D:2)
  2 quokkas (D:1)
  4 frilled lizards
  4 kobolds (D:2)
  5 rats
46 creatures vanquished.

Notes
Turn   | Place    | Note
-------+----------+-------------------------------------------
     0 | D:1      | mopl the Gnoll Monk began the quest for the Orb.
     0 | D:1      | Reached XP level 1. HP: 23/23 MP: 1/1
    80 | D:1      | Reached XP level 2. HP: 29/29 MP: 2/2
   323 | D:1      | Reached XP level 3. HP: 34/35 MP: 3/3
   655 | D:1      | Reached skill level 1 in Invocations
  1132 | D:2      | Reached skill level 1 in Short Blades
  1132 | D:2      | Reached skill level 1 in Long Blades
  1132 | D:2      | Reached skill level 1 in Axes
  1132 | D:2      | Reached skill level 1 in Polearms
  1132 | D:2      | Reached skill level 1 in Staves
  1132 | D:2      | Reached skill level 1 in Ranged Weapons
  1132 | D:2      | Reached skill level 1 in Throwing
  1132 | D:2      | Reached skill level 1 in Armour
  1132 | D:2      | Reached skill level 1 in Shields
  1132 | D:2      | Reached skill level 1 in Unarmed Combat
  1132 | D:2      | Reached skill level 1 in Spellcasting
  1132 | D:2      | Reached skill level 1 in Evocations
  1314 | D:2      | Reached XP level 4. HP: 41/41 MP: 5/5
  1555 | D:2      | Reached skill level 1 in Conjurations
  1555 | D:2      | Reached skill level 1 in Hexes
  1555 | D:2      | Reached skill level 1 in Summonings
  1555 | D:2      | Reached skill level 1 in Necromancy
  1555 | D:2      | Reached skill level 1 in Translocations
  1555 | D:2      | Reached skill level 1 in Transmutations
  1555 | D:2      | Reached skill level 1 in Fire Magic
  1555 | D:2      | Reached skill level 1 in Ice Magic
  1555 | D:2      | Reached skill level 1 in Air Magic
  1555 | D:2      | Reached skill level 1 in Earth Magic
  1555 | D:2      | Reached skill level 1 in Poison Magic
  1590 | D:2      | HP: 1/38 [orc/+2 hand axe of draining (6)]
  1590 | D:2      | Slain by an orc

Illustrated notes

Levels and vault maps discovered:
D:1:      roderic_crop_circles_arrival_small, layout_loops_corners,
          chequers_serial_rivers_micro_e, minmay_tromino_v7
D:2:      layout_loops_corners, minmay_ruptured

Skill      XL: |  1  2  3  4 |
---------------+-------------+-----
Invocations    | 1 |  1.3
Short Blades   | 1 |  1.2
Long Blades    | 1 |  1.2
Axes           | 1 |  1.2
Polearms       | 1 |  1.2
Staves         | 1 |  1.2
Ranged Weapons | 1 |  1.2
Throwing       | 1 |  1.2
Armour         | 1 |  1.2
Shields        | 1 |  1.2
Unarmed Combat | 1 |  1.2
Spellcasting   | 1 |  1.2
Evocations     | 1 |  1.2
Conjurations   | 1 |  1.0
Hexes          | 1 |  1.0
Summonings     | 1 |  1.0
Necromancy     | 1 |  1.0
Translocations | 1 |  1.0
Transmutations | 1 |  1.0
Fire Magic     | 1 |  1.0
Ice Magic      | 1 |  1.0
Air Magic      | 1 |  1.0
Earth Magic    | 1 |  1.0
Poison Magic   | 1 |  1.0
Fighting       | |  6.6
Maces & Flails | |  6.6
Dodging        | |  6.6
Stealth        | |  4.3

Action                   |  1- 3 |  4- 6 || total
-------------------------+-------+-------++-------
Melee: Spear             |    65 |    33 ||    98
       Bite              |     2 |     3 ||     5
 Stab: Sleeping          |     7 |       ||     7
Armor: Scale mail        |    12 |    13 ||    25
Dodge: Dodged            |    17 |    16 ||    33
